 Dungeon Crawl Stone Soup version 0.20.0 (webtiles) character file.

57 ereinion the Slasher (level 3, 0/29 HPs)
             Began as a Demonspawn Abyssal Knight on June 2, 2017.
             Was a Follower of Lugonu.
             Succumbed to an adder's poison
             ... on level 2 of the Dungeon.
             The game lasted 00:04:52 (897 turns).

ereinion the Slasher (Demonspawn Abyssal Knight)     Turns: 897, Time: 00:04:53

Health: 0/29       AC:  3    Str: 13    XL:     3   Next: 73%
Magic:  4/4        EV: 11    Int: 18    God:    Lugonu [*.....]
Gold:   93         SH:  0    Dex: 12    Spells: 2/2 levels left

rFire    . . .     SeeInvis .   a - +1 falchion
rCold    . . .     Gourm    .   (no shield)
rNeg     . . .     Faith    .   b - +0 leather armour
rPois    .         Spirit   .   (no helmet)
rElec    .         Reflect  .   (no cloak)
rCorr    .         Harm     .   (no gloves)
MR       .....                  (no boots)
Stlth    ++........             (no amulet)
Regen    0.1/turn               (no ring)
MPRegen  0.1/turn               (no ring)

@: brilliant, lethally poisoned (0 -> -7), very slightly contaminated, hasted,
invisible, very quick
A: hooves 1, nightstalker 1
a: Depart the Abyss, Renounce Religion


You were on level 2 of the Dungeon.
You worshipped Lugonu.
Lugonu was aware of your devotion.
You were not hungry.

You visited 1 branch of the dungeon, and saw 2 of its levels.
You visited the Abyss 1 time.

You collected 93 gold pieces.

Inventory:

Hand Weapons
 a - a +1 falchion (weapon)
Armour
 b - a +0 leather armour (worn)
Jewellery
 i - an uncursed ring of fire
Scrolls
 d - 2 scrolls of identify {unknown}
 e - 2 scrolls of remove curse {unknown}
 h - a scroll of immolation {unknown}
 k - a scroll of teleportation {unknown}
Comestibles
 c - a bread ration
 l - a royal jelly


   Skills:
 - Level 3.0 Fighting
 + Level 3.7 Long Blades
 - Level 1.7 Armour
 - Level 0.8 Dodging
 - Level 2.4 Invocations


You had 2 spell levels left.
You didn't know any spells.

Dungeon Overview and Level Annotations

Branches:
Dungeon (2/15)

Altars:
Ashenzari


Innate Abilities, Weirdness & Mutations

You have large cloven feet.
You are slightly more attuned to the shadows.


Message History

It was a potion of brilliance.
You feel clever all of a sudden. The adder closely misses you.
It was a potion of haste.
You feel yourself speed up.
* * * LOW HITPOINT WARNING * * *
You feel sick. The adder barely misses you.
You barely miss the adder.
The adder is severely wounded.
* * * LOW HITPOINT WARNING * * *
You feel sick. The adder barely misses you. The adder closely misses you.
You slash the adder!
You kill the adder!
Lugonu accepts your kill.
* * * LOW HITPOINT WARNING * * *
You feel sick.
You see here an adder corpse.
* * * LOW HITPOINT WARNING * * *
You feel sick.
Found a scroll labeled YGOUFE WETWO.
You die...

#... #.........
#...####.#######
#.........).....
#..%.####.#####
#...†...#.#
#....##.#.#
#.......#.#
##...####.#
+.@......#
#....#####
#..#+# ...#
...## ?... .%..#


There were no monsters in sight!

Vanquished Creatures
  An adder (D:2)
  An ooze (D:1)
  5 dart slugs
  2 leopard geckos (D:1)
  4 bats (D:1)
  A giant cockroach (D:2)
  5 goblins
  3 hobgoblins
  3 jackals (D:1)
  2 kobolds (D:1)
  2 frilled lizards (D:1)
  2 rats (D:1)
31 creatures vanquished.

Notes
Turn   | Place    | Note
-------+----------+-------------------------------------------
     0 | Abyss:1  | ereinion the Demonspawn Abyssal Knight began the quest for the Orb.
     0 | Abyss:1  | Reached XP level 1. HP: 18/18 MP: 2/2
     0 | Abyss:1  | Found an iron altar of Okawaru.
    38 | Abyss:1  | Noticed a bone dragon
   105 | Abyss:4  | Found a corrupted altar of Lugonu.
   131 | Abyss:4  | Noticed a large abomination
   139 | Abyss:4  | Noticed a large abomination
   145 | Abyss:4  | Noticed a bone dragon
   154 | Abyss:4  | Noticed a bone dragon
   166 | Abyss:4  | Noticed a tentacled starspawn
   171 | Abyss:4  | Noticed a smoke demon
   174 | D:1      | Escaped the Abyss
   245 | D:1      | Gained mutation: You have large cloven feet. [demonic ancestry]
   245 | D:1      | Reached XP level 2. HP: 21/24 MP: 3/3
   276 | D:1      | Reached * piety under Lugonu
   537 | D:1      | Gained mutation: You are slightly more attuned to the shadows. [demonic ancestry]
   537 | D:1      | Reached XP level 3. HP: 25/29 MP: 4/4
   853 | D:2      | Found a shattered altar of Ashenzari.
   894 | D:2      | HP: 1/29 [poisoned by an adder]
   897 | D:2      | Succumbed to an adder's poison

Skill      XL: |  1  2 |
---------------+-------+-----
Long Blades    | 2 3 |  3.7
Fighting       | |  3.0
Armour         | |  1.7
Dodging        | |  0.8
Invocations    | |  2.4

Action                   || total
-------------------------++-------
Melee: Falchion          ||    96
       Kick              ||    15
Invok: Depart the Abyss  ||     1
  Use: Potion            ||     3
 Stab: Sleeping          ||     3
Armor: Leather armour    ||    28
Dodge: Dodged            ||    84
       Rpst.: Falchion   ||    21
